 Seeded DCSS version 0.32-a0-450-g080537f31e (webtiles) character file.

Game seed: 3326270813389832143 (custom seed)

288 Juicyj the Trooper (level 6, 0/53 HPs)
             Began as a Minotaur Fighter on Feb 23, 2024.
             Slain by Duvessa
             ... wielding a +0 rapier
              (9 damage)
             ... on level 4 of the Dungeon.
             The game lasted 00:03:04 (2733 turns).

Juicyj the Trooper (Minotaur Fighter)               Turns: 2733, Time: 00:03:05

Health: 0/53       AC: 10    Str: 22    XL:     6   Next: 9%
Magic:  5/5        EV:  6    Int:  5    God:
Gold:   193        SH:  4    Dex: 10    Spells: 5/5 levels left

rFire   + . .        s - +1 broad axe (freeze)
rCold   + . .        c - +0 buckler
rNeg    + . .        j - +0 plate armour
rPois   +            k - -2 hat of the Alchemist {rElec rPois rF+ rC+ rN+ Will+ rMut rCorr}
rElec   +            (no cloak)
rCorr   +            (no gloves)
SInv    .            (no boots)
Will    +....        (no amulet) Stlth
                     (no ring)
HPRegen 0.28/turn    (no ring)
MPRegen 0.09/turn

%: resist mutation
@: no status effects
A: horns 2, retaliatory headbutt
a: no special abilities


You were on level 4 of the Dungeon.
You visited 1 branch of the dungeon, and saw 4 of its levels.

You collected 193 gold pieces.

Inventory:

Hand Weapons
 a - a +0 war axe
 s - a +1 broad axe of freezing (weapon)
 t - the +9 whip of Gluttony {elec, rElec}
   (You found it on level 3 of the Dungeon)

   rElec:     It insulates you from electricity.
Armour
 b - a +0 scale mail
 c - a +0 buckler (worn)
 j - a +0 plate armour (worn)
 k - the -2 hat of the Alchemist (worn) {rElec rPois rF+ rC+ rN+ Will+ rMut rCorr}
   (You acquired it on level 3 of the Dungeon)

   rF+:       It protects you from fire.
   rC+:       It protects you from cold.
   rElec:     It insulates you from electricity.
   rPois:     It protects you from poison rN+: It protects you from negative
   energy.
   Will+:     It increases your willpower.
   rCorr:     It protects you from acid and corrosion.
   rMut:      It protects you from mutation.
Jewellery
 l - a ring of magical power
 n - a ring of magical power
 p - a +6 ring of intelligence
Talismans
 i - a flux talisman
Scrolls
 g - a scroll of vulnerability
 h - 2 scrolls of teleportation
 m - a scroll of fear
Potions
 d - a potion of might
 f - a potion of enlightenment
 o - 3 potions of curing


   Skills:
 + Level 4.7 Fighting
 + Level 3.8(4.1) Axes
 + Level 2.1(3.3) Maces & Flails
 + Level 4.6 Armour
 + Level 4.5 Shields
 * Level 2.1 Shapeshifting


You had 5 spell levels left.
You didn't know any spells.
Your spell library was empty.

Dungeon Overview and Level Annotations

Branches:
Dungeon (4/15)
 Temple: D:4-7

Altars:
Fedhas
Hepliaklqana
Makhleb
Wu Jian

Shops:
D:3 :

Annotations:
D:4 Duvessa


Innate Abilities, Weirdness & Mutations

You have a pair of horns on your head.
You reflexively headbutt those who attack you in melee.


Message History

You resist. Duvessa barely misses you.
You barely miss Duvessa. Your headbutt misses Duvessa. You hit Dowan.
You freeze Dowan. Duvessa hits you but does no damage. Dowan barely misses you.
Duvessa hits you but does no damage.
You completely miss Dowan.
Dowan is lightly wounded.
You barely miss Duvessa. Duvessa hits you but does no damage.
Dowan points at you and mumbles some strange words.
You resist with almost no effort. Duvessa hits you with a +0 rapier!
You slash Dowan! You freeze Dowan.
Dowan is almost dead.
You slash Duvessa! You freeze Duvessa. Duvessa hits you but does no damage.
Dowan hits you but does no damage. Duvessa hits you with a +0 rapier!
Dowan hits you but does no damage.
You hit Dowan but do no damage.
Dowan is severely wounded.
You slash Duvessa! You freeze Duvessa. Duvessa hits you with a +0 rapier!
Dowan casts a spell at you.
The puff of frost hits you but does no damage.
You resist. Duvessa hits you with a +0 rapier!
* * * LOW HITPOINT WARNING * * *
You barely miss Duvessa.
Duvessa is severely wounded.
You slash Dowan! You freeze Dowan.
You kill Dowan!
Duvessa screams in rage.
Duvessa goes berserk!
Duvessa hits you but does no damage. x2
You have reached level 6!
You barely miss Duvessa.
Duvessa is severely wounded.
You block Duvessa's attack. x2
You closely miss Duvessa.
Duvessa is severely wounded.
Duvessa hits you with a +0 rapier!
* * * LOW HITPOINT WARNING * * *
You block Duvessa's attack. Duvessa hits you but does no damage.
You hit Duvessa but do no damage.
Duvessa is severely wounded.
Duvessa hits you but does no damage. Duvessa hits you with a +0 rapier!
You die...

....._ß......
..............._......
#...................<.
..............##........
....$.........#.......<.
........##..##.........
... ...##.............
#.##)e...............
##..#@.......##.......
#.........#...........
##.#.....##.....(..... #
#..##.......#....#.
#...#............#.
#...##.........##..
##..##.........#####
#....##.......÷..# #
#..####......ß...#


You could see Duvessa (berserk, fast).

Vanquished Creatures
  A scorpion (D:4)
  Dowan (D:4)
  A bombardier beetle (D:3)
  2 iguanas (D:4)
  Robin (D:2)
  An adder (D:3)
  A dart slug (D:1)
  2 ribbon worms (D:2)
  3 orcs
  6 endoplasms
  A giant cockroach (D:3)
  11 goblins
  9 hobgoblins
  4 jackals (D:2)
  2 kobolds
  3 ball pythons
  3 bats
  3 frilled lizards
  4 rats
59 creatures vanquished.

Notes
Turn   | Place    | Note
-------+----------+-------------------------------------------
     0 | D:1      | Juicyj the Minotaur Fighter began the quest for the Orb.
     0 | D:1      | Reached XP level 1. HP: 19/19 MP: 0/0
   308 | D:1      | Reached XP level 2. HP: 27/27 MP: 1/1
   964 | D:2      | Noticed Robin
   967 | D:2      | Reached XP level 3. HP: 29/33 MP: 2/2
   980 | D:2      | Killed Robin
   981 | D:2      | Reached skill level 1 in Shapeshifting
  1432 | D:3      | Found a blossoming altar of Fedhas.
  1533 | D:3      | Reached skill level 1 in Maces & Flails
  1533 | D:3      | Reached XP level 4. HP: 40/40 MP: 3/3
  1909 | D:3      | Identified the +9 whip of Gluttony {elec, rElec}
  2199 | D:3      | Found Wiclimi's Book Emporium.
  2382 | D:3      | Identified 2 scrolls of acquirement
  2382 | D:3      | Acquired the -2 hat of the Alchemist {rElec rPois rF+ rC+
                  | rN+ Will+ rMut rCorr}
  2382 | D:3      | Found the -2 hat of the Alchemist {rElec rPois rF+ rC+ rN+
                  | Will+ rMut rCorr}
  2389 | D:3      | Acquired a +0 broad axe of freezing
  2408 | D:4      | Reached XP level 5. HP: 5/47 MP: 4/4
  2541 | D:4      | Found a hazy altar of Hepliaklqana.
  2542 | D:4      | Found an ornate altar of the Wu Jian Council.
  2544 | D:4      | Found a burning altar of Makhleb.
  2721 | D:4      | Noticed Dowan
  2722 | D:4      | Noticed Duvessa
  2730 | D:4      | Killed Dowan
  2731 | D:4      | Reached XP level 6. HP: 14/53 MP: 5/5
  2733 | D:4      | Slain by Duvessa

Illustrated notes

Levels and vault maps discovered:
D:1:      mrwooster_arrival_statue_3, layout_rooms
D:2:      layout_loops_corners, uniq_robin
D:3:      layout_basic, mainiacjoe_overflow_24_doors, serial_shops, shop
D:4:      layout_cave_pools, chequers_temple_overflow_statue_of_worship,
          minmay_temple_entry_steel_oval, serial_column_ruins,
          column_ruins_grid_3, column_ruins_columns_water,
          column_ruins_open_small, column_ruins_open_small, uniq_duvessa

Skill      XL: |  1  2  3  4  5 |
---------------+----------------+-----
Fighting       | 4 |  4.7
Axes           | 3 |  3.8
Armour         | 4 |  4.6
Shapeshifting  | 1 2 |  2.1
Shields        | 4 |  4.5
Maces & Flails | 1 2 |  2.1

Action                     |  1- 3 |  4- 6 || total
---------------------------+-------+-------++-------
  Melee: War axe           |   101 |    12 ||   113
         Headbutt          |     8 |     5 ||    13
         Broad axe         |       |    32 ||    32
         Whip              |       |     7 ||     7
    Use: Scroll            |       |     8 ||     8
         Potion            |       |     4 ||     4
 Armour: Scale mail        |    10 |       ||    10
         Plate armour      |    76 |    64 ||   140
  Dodge: Dodged            |    28 |     9 ||    37
  Block: Buckler           |    20 |     9 ||    29

Table legend: (Time is in decaauts)
 A = Elapsed time spent in this place.
 B = Non-inter-level travel time spent in this place.
 C = Inter-level travel time spent in this place.
 D = Time resting spent in this place.
 E = Time spent auto-exploring this place.
 F = Levels seen in this place.
 G = Mean time per level.
                   A        B        C        D        E       F      G
               +--------+--------+--------+--------+--------+-----+--------+
         Total |   2789 |   2725 |     64 |      0 |   2283 |   4 |  697.2 |
       Dungeon |   2789 |   2725 |     64 |      0 |   2283 |   4 |  697.2 |
               +--------+--------+--------+--------+--------+-----+--------+

Top non-repeatable levels by time:
     D:3: 1002 daAuts
     D:2: 952 daAuts
     D:1: 485 daAuts
     D:4: 348 daAuts
